 Dungeon Crawl Stone Soup version 0.28.0-47-ge53b351184 (webtiles) character file.

Game seed: 7077347736968146239

3 Bruhh the Insei (level 1, -1/15 HPs)
             Began as a Merfolk Transmuter on Apr 29, 2022.
             Slain by a jackal (2 damage)
             ... on level 1 of the Dungeon.
             The game lasted 00:00:41 (246 turns).

Bruhh the Insei (Merfolk Transmuter)                 Turns: 246, Time: 00:00:42

Health: -1/15      AC:  2    Str: 10    XL:     1   Next: 50%
Magic:  2/3        EV: 12    Int: 12    God:
Gold:   15         SH:  0    Dex: 14    Spells: 3/4 levels left

rFire   . . .      SeeInvis .     - Unarmed
rCold   . . .      Faith    .   (no shield)
rNeg    . . .      Spirit   .   a - +0 robe
rPois   .          Reflect  .   (helmet currently unavailable)
rElec   .          Harm     .   (no cloak)
rCorr   .          Rampage  .   (no gloves)
Will    .....                   (boots currently unavailable)
Stlth   +.........              (no amulet)
HPRegen 0.05/turn               (no ring)
MPRegen 0.08/turn               (no ring)

@: appendages (expiring)
A: horns 2, (nimble swimmer 2), mertail
a: End Transformation


You were on level 1 of the Dungeon.
You had temporarily grown beastly horns.
You visited 1 branch of the dungeon, and saw 1 of its levels.

You collected 15 gold pieces.

Inventory:

Armour
 a - a +0 robe (worn)
Potions
 b - a potion of curing {unknown}


   Skills:
 - Level 1.1 Fighting
 - Level 2.6 Dodging
 - Level 3.2 Unarmed Combat
 + Level 2.1 Spellcasting
 + Level 2.9 Transmutations


You had 3 spell levels left.
You knew the following spells:

 Your Spells              Type           Power      Damage    Failure   Level
a - Beastly Appendage     Tmut           16%        N/A       8%          1

Your spell library contained the following spells:

 Spells                   Type           Power      Damage    Failure   Level
 Wereblood                Tmut           8%         N/A       12%         2
 Spider Form              Tmut/Pois      4%         N/A       41%         3
 Ice Form                 Ice/Tmut       4%         N/A       82%         4


Dungeon Overview and Level Annotations

Branches:
Dungeon (1/15)

Altars:


Innate Abilities, Weirdness & Mutations

You have temporarily grown beastly horns.
((You are very nimble when in or above water. (Stealth+, EV+, Speed+++)))
Your lower body shifts to a powerful aquatic tail in water.


Message History

The jackal misses you.
You hit the jackal.
The jackal is moderately wounded.
The jackal barely misses you. The jackal bites you. x2
You grow a pair of large bovine horns.
The jackal closely misses you. The jackal bites you. x2
The jackal bites you. The jackal barely misses you.
Casting: Beastly Appendage (safe; 9% risk of failure)
Confirm with . or Enter, or press ? or * to list all spells.
You fail to extend your transformation any further.
The jackal barely misses you.
You hit the jackal but do no damage. The jackal closely misses you.
The jackal bites you.
* * * LOW HITPOINT WARNING * * *
You hit the jackal but do no damage. The jackal misses you.
You miss the jackal. You headbutt the jackal.
The jackal is severely wounded.
The jackal barely misses you.
You miss the jackal.
The jackal is severely wounded.
The jackal bites you.
* * * LOW HITPOINT WARNING * * *
The jackal bites you.
* * * LOW HITPOINT WARNING * * *
You hit the jackal but do no damage.
The jackal is severely wounded.
Your transformation is almost over.
The jackal misses you.
You miss the jackal. You headbutt the jackal.
You kill the jackal!
You hit the jackal. Your headbutt misses the jackal.
The jackal is moderately wounded.
The jackal bites you.
* * * LOW HITPOINT WARNING * * *
The jackal barely misses you.
You hit the jackal.
The jackal is severely wounded.
The jackal bites you.
You die...

#...# ....# #...# #....#
########...## ....+
#......'....# #...#
#.######....# #...#
#.#.........# #...# #
#.#.###.....# #...# .#
#.#.#.#.....######...##.#
#.#.#..........@hhr.....##
#.#.###........######....#
#...#.'.†......##........#
######.#........##........#
.......#........##..........
########........##.....##...+
#############+#.. ...# #..
..# #.. ..#


You could see a quokka and 2 jackals.

Vanquished Creatures
  A giant cockroach (D:1)
  A jackal (D:1)
  A frilled lizard (D:1)
3 creatures vanquished.

Notes
Turn   | Place    | Note
-------+----------+-------------------------------------------
     0 | D:1      | Bruhh the Merfolk Transmuter began the quest for the Orb.
     0 | D:1      | Reached XP level 1. HP: 15/15 MP: 3/3
   246 | D:1      | Slain by a jackal

Illustrated notes

Levels and vault maps discovered:
D:1:      minmay_arrival_arboretum_small, layout_basic, basic_ecumenical_altar,
          serial_shops, nicolae_shop_statue_plus, minmay_close_crescents

Action                   || total
-------------------------++-------
Melee: Unarmed           ||    18
       Headbutt          ||     2
 Cast: Beastly Appendage ||     3
Armor: Robe              ||     1
Dodge: Dodged            ||    14
